 Dungeon Crawl Stone Soup version 0.19-a0-1740-g0bcaf2e (webtiles) character file.

58 wazuzu the Twirler (level 3, 27/27 HPs)
             Began as a Demonspawn Gladiator on Oct 1, 2016.
             Was a Follower of Cheibriados.
             Quit the game on level 2 of the Dungeon.
             The game lasted 00:03:15 (1916 turns).

wazuzu the Twirler (Demonspawn Gladiator)           Turns: 1916, Time: 00:03:15

Health: 27/27      AC:  8    Str: 17    XL:     3   Next: 75%
Magic:  3/3        EV: 13    Int: 11    God:    Cheibriados [*.....]
Gold:   68         SH:  0    Dex: 16    Spells: 0 memorised, 2 levels left

rFire  . . .     SeeInvis .     a - +0 quarterstaff
rCold  . . .     Gourm    .     b - +0 leather armour
rNeg   . . .     Faith    .     (shield currently unavailable)
rPois  .         Spirit   .     c - +1 helmet
rElec  .         Dismiss  .     l - +0 cloak
rCorr  .         Reflect  .     (no gloves)
MR     .....     Harm     .     (no boots)
Stlth  ..........               j - amulet of inaccuracy (curse)
                                (no ring)
                                g - ring of loudness (curse)

@: very slow
A: yellow scales 1
a: Bend Time, Renounce Religion


You were on level 2 of the Dungeon.
You worshipped Cheibriados.
Cheibriados was aware of your devotion.
You were not hungry.

You visited 1 branch of the dungeon, and saw 2 of its levels.

You collected 68 gold pieces.

Inventory:

Hand Weapons
 a - a +0 quarterstaff (weapon)
Armour
 b - a +0 leather armour (worn)
 c - a +1 helmet (worn)
 l - a +0 cloak (worn)
Jewellery
 g - a cursed ring of loudness (left hand)
 j - a cursed amulet of inaccuracy (around neck)
 o - a cursed amulet of rage
 q - an uncursed ring of protection from fire {unknown}
Scrolls
 d - 2 scrolls of fog
 i - a scroll of identify
 k - a scroll of enchant armour
 m - a scroll of magic mapping
Potions
 e - a potion of curing {unknown}
 r - a potion of cancellation {unknown}
Comestibles
 f - 3 bread rations
 h - a slice of pizza
 n - a royal jelly
 p - 3 chunks of flesh


   Skills:
 - Level 2.0 Fighting
 + Level 4.3 Staves
 - Level 1.7 Throwing
 - Level 2.6 Dodging


You had 2 spell levels left.
You didn't know any spells.

Dungeon Overview and Level Annotations

Branches:
Dungeon (2/15)

Altars:
Cheibriados


Innate Abilities, Weirdness & Mutations

You are partially covered in yellow scales. (AC +2)


Message History

You closely miss the rat. The rat bites you but does no damage.
You sock the rat!
You kill the rat!
No target in view!
You see here a rat corpse.
You butcher the rat corpse.
p - 3 chunks of flesh (gained 1)
There is an open door here.
There is a faded altar of an unknown god here.
You cannot tell which god this altar belongs to.
Convert to them anyway?
Okay, then.
Unknown command.
You cannot tell which god this altar belongs to.
Convert to them anyway?
Cheibriados accepts your prayer! Cheibriados welcomes you!
Cheibriados begins to support your attributes as your movement slows.
You can now bend time to slow others.
Cheibriados slows and strengthens your metabolism.
Cheibriados raises the support of your attributes as your movement slows.
Are you sure you want to abandon this character and quit the game? (Confirm with "yes".)

***#.# *#.... #.#
##... ############.#
##'# #.........##.#
#.#
#.#.##.......######.#
#.......#.###........
#...8...#.# #.####...
#..8.8..#.# #.# #....
#.8.@.8...# #.# ##...
#..8.8...####.# ##.#
#...8........)# #.#
#........###### #.#
#..#####.# #.#
##.#####.#### *.#
#..........#### *,,
####.###......# *,*
#,* #.#.##.# *,*


There were no monsters in sight!

Vanquished Creatures
  An adder (D:2)
  An ooze (D:1)
  2 dart slugs (D:2)
  A giant cockroach (D:1)
  2 goblins (D:1)
  5 hobgoblins
  4 jackals (D:1)
  3 quokkas (D:2)
  A ball python (D:1)
  7 bats
  5 frilled lizards
  4 kobolds
  4 rats
40 creatures vanquished.

Notes
Turn   | Place    | Note
-------+----------+-------------------------------------------
     0 | D:1      | wazuzu the Demonspawn Gladiator began the quest for the Orb.
     0 | D:1      | Reached XP level 1. HP: 16/16 MP: 1/1
   263 | D:1      | Reached skill level 3 in Staves
   280 | D:1      | Gained mutation: You are partially covered in yellow scales. (AC +2) [demonic ancestry]
   280 | D:1      | Reached XP level 2. HP: 9/22 MP: 2/2
  1170 | D:1      | Reached XP level 3. HP: 27/27 MP: 3/3
  1554 | D:2      | Reached skill level 4 in Staves
  1850 | D:2      | Found a faded altar of an unknown god.
  1916 | D:2      | Became a worshipper of Cheibriados the Contemplative
  1916 | D:2      | Reached * piety under Cheibriados
  1916 | D:2      | Quit the game

Vault maps used:
D:1:      co_arrival_random_square_maze, minmay_domino_4
D:2:      gammafunk_temple_overflow_statue, ecumenical_altar_2, st_stairs_9,
          tso_metal_star

Skill      XL: |  1  2  3 |
---------------+----------+-----
Staves         | 3 4 |  4.3
Fighting       | |  2.0
Throwing       | |  1.7
Dodging        | |  2.6

Action                   || total
-------------------------++-------
Melee: Quarterstaff      ||   132
  Use: Scroll            ||     8
 Stab: Sleeping          ||     1
  Eat: Chunk             ||     3
Armor: Leather armour    ||    54
Dodge: Dodged            ||    93
